[Event "Live Chess"] [Site "Chess.com"] [Date "2022.01.15"] [Round "?"] [White
"1Elliot"] [Black "sriracha"] [Result "0-1"] [ECO "C83"] [WhiteElo "1715"]
[BlackElo "1950"] [TimeControl "3600+30"] [EndTime "11:33:57 PST"] [Termination
"sriracha won by resignation"]  1. e4 e5 2. Nf3 Nc6 3. Bb5 a6 4. Ba4 Nf6 5. O-O
Nxe4 6. d4 b5 7. Bb3 d5 8. dxe5 Be6 9. Nbd2 Nc5 10. c3 Be7 11. Bc2 d4 12. cxd4
Nxd4 13. Nxd4 Qxd4 14. Qe2 O-O 15. Nf3 Qc4 16. Re1 Rfd8 17. Ng5 Qxe2 18. Rxe2
Bc4 19. Re1 Nd3 20. Bxd3 Bxd3 21. Nf3 c5 22. Bg5 Bxg5 23. Nxg5 c4 24. f4 b4 25.
Kf2 c3 26. bxc3 bxc3 27. Ne4 c2 28. Ke3 Bxe4 29. Kxe4 Rd2 30. Kf3 Rad8 31. a4
Rd1 32. g3 Rxa1 33. Rxa1 Rd1 0-1 
0-1

[Event "Live Chess"] [Site "Chess.com"] [Date "2022.01.15"] [Round "-"] [White
"falk312"] [Black "PermaChecked"] [Result "1-0"] [CurrentPosition
"r6r/pp1qbkp1/4p2p/3P1p2/8/1QP3P1/P4PBP/R3R1K1 b - -"] [Timezone "UTC"] [ECO
"E00"] [ECOUrl
"https://www.chess.com/openings/Queens-Gambit-Declined-Catalan-Opening"]
[UTCDate "2022.01.15"] [UTCTime "14:48:29"] [WhiteElo "1702"] [BlackElo "1155"]
[TimeControl "2700+30"] [Termination "falk312 won by resignation"] [StartTime
"14:48:29"] [EndDate "2022.01.15"] [EndTime "15:41:56"] [Link
"https://www.chess.com/game/live/35996997227"]  1. d4 d5 2. c4 e6 3. Nf3 Nf6 4.
g3 dxc4 5. Bg2 c5 6. O-O Nc6 7. e3 Bd7 8. Ne5 Qc7 9. Nxc4 cxd4 10. exd4 Nd5? ±
{MISTAKE (+1.97)} ({(+0.50) The best move was} 10... Nb4 11. Ne5 Bd6 12. Nxd7
Qxd7 13. a3 Nbd5 14. Nc3 O-O 15. Qb3 Be7 16. Bg5 Rab8 17. Bxf6 Nxf6 18. Rad1
Rfc8 19. d5 Nxd5) 11. Nc3 Nce7 12. Ne5 f6 {INACCURACY (+3.10)} ({(+1.58) The
best move was} 12... Bc6 13. Bh3 Nxc3 14. bxc3 Ng6 15. Nxc6 bxc6 16. Bg2 Bd6 17.
c4 O-O 18. Qa4 Rac8 19. Rb1 Rfd8 20. d5 exd5 21. cxd5 cxd5 22. Bxd5 Qd7 23.
Qxd7) 13. Nxd7 {INACCURACY (+1.82)} ({(+3.10) The best move was} 13. Nxd5 exd5
14. Nd3 Bf5 15. Re1 Bxd3 16. Qxd3 Qd7 17. Bd2 Kf7 18. h4 h5 19. Rad1 Rc8 20. a3
Qg4 21. Qb3) 13... Qxd7 14. Re1 f5? {MISTAKE (+5.59)} ({(+2.25) The best move
was} 14... Kf7 15. Bd2 Rd8 16. Qb3 Nc6 17. Nxd5 exd5 18. Bc3 g6 19. Re2 Be7 20.
Rae1 Rhe8 21. Re6 Kg7 22. Bf3 Rf8 23. h4) 15. Bg5 Nxc3 16. bxc3 h6 17. Bxe7 Bxe7
18. Qb3 Kf7 19. d5 (19. d5 Qc7 20. Rxe6 Bd6 21. Bh3 Rhf8 22. Bxf5 Kg8 23. Bb1
Rf6 24. Qc2 Kf8 25. Rxf6+ gxf6 26. Qd2 Qg7 27. Qd3 Re8 28. Bc2 Qg4 29. Rd1 Re5
30. c4) 1-0 
1-0

[Event "Live Chess"] [Site "Chess.com"] [Date "2022.01.16"] [Round "?"] [White
"litfinish"] [Black "Twan709"] [Result "0-1"] [ECO "D43"] [WhiteElo "1730"]
[BlackElo "2086"] [TimeControl "2700+30"] [EndTime "11:18:31 PST"] [Termination
"Twan709 won by resignation"]  1. d4 d5 2. c4 c6 3. Nf3 Nf6 4. Nc3 e6 5. cxd5
exd5 6. Qc2 Bd6 7. Bg5 O-O 8. e3 Nbd7 9. Bd3 Qc7 10. Bh4 Re8 11. Ng5 Nf8 12. Bg3
Rxe3+ 13. fxe3 Bxg3+ 14. hxg3 Qxg3+ 15. Qf2 Qxg5 16. O-O-O Ng4 17. Qg3 Qxe3+ 18.
Qxe3 Nxe3 19. Rde1 Nxg2 20. Re8 g6 21. Na4 Nf4 22. Bf1 f5 23. Nc5 Kf7 24. Re3 h5
25. Nd3 Nxd3+ 26. Bxd3 Be6 27. b4 Nd7 28. b5 Nf6 29. bxc6 bxc6 30. Ba6 Ne4 31.
Rb3 Re8 32. Bd3 Re7 33. Bxe4 dxe4 34. Rf1 Bxb3 0-1 
0-1

[Event "Live Chess"] [Site "Chess.com"] [Date "2022.01.13"] [Round "?"] [White
"MFabian55"] [Black "nargaef"] [Result "1-0"] [ECO "D30"] [WhiteElo "2113"]
[BlackElo "1632"] [TimeControl "2700+30"] [EndTime "19:03:47 PST"] [Termination
"MFabian55 won by resignation"]  1. d4 Nf6 2. c4 e6 3. Nf3 d5 4. Nc3 Bb4 5. cxd5
exd5 6. Bg5 h6 7. Bh4 O-O 8. e3 Bf5 9. Be2 Nbd7 10. Qb3 Bxc3+ 11. Qxc3 c6 12.
Nd2 Re8 13. O-O g5 14. Bg3 Ne4 15. Nxe4 Bxe4 16. Rae1 Nf6 17. f3 Bg6 18. Bd3
Bxd3 19. Qxd3 Qb6 20. Re2 Rad8 21. Bf2 Qc7 22. e4 dxe4 23. fxe4 Nh5 24. Qf3 Nf4
25. Rd2 Ne6 26. Bg3 Qe7 27. d5 cxd5 28. exd5 Qc5+ 29. Bf2 Qe7 30. dxe6 Rxd2 31.
exf7+ Qxf7 32. Qxf7+ Kxf7 33. Be3+ 1-0 
1-0

[Event "Live Chess"] [Site "Chess.com"] [Date "2022.01.10"] [Round "?"] [White
"Michiko3"] [Black "AFMhughes"] [Result "0-1"] [ECO "A15"] [WhiteElo "921"]
[BlackElo "1678"] [TimeControl "2700+30"] [EndTime "12:01:03 PST"] [Termination
"AFMhughes won by resignation"]  1. c4 Nf6 2. g3 e5 3. Nc3 c6 4. Bg2 d5 5. b3
Bf5 6. d3 Bb4 7. Bb2 d4 8. a3 Bxc3+ 9. Bxc3 dxc3 10. Rc1 O-O 11. Nf3 e4 12. Nh4
exd3 13. Rxc3 Bg6 14. Nxg6 hxg6 15. Rxd3 Qa5+ 16. Qd2 Qxd2+ 17. Rxd2 Nbd7 18.
O-O Nc5 19. b4 Ne6 20. h3 Rfd8 21. Rc2 Nd4 22. Rb2 a5 23. b5 Re8 24. Rd2 Nxe2+
25. Kh2 Nc3 26. Rc2 Nce4 27. Re2 Rac8 28. f3 Nd6 29. Rc2 cxb5 30. f4 Rxc4 31.
Rxc4 bxc4 32. Rc1 Re2 33. h4 Ng4+ 34. Kh3 f5 35. Rd1 Rxg2 36. Kxg2 Ne3+ 37. Kf2
Nxd1+ 0-1 
0-1

[Event "Live Chess"] [Site "Chess.com"] [Date "2022.01.15"] [Round "?"] [White
"Morphonium"] [Black "basil19825"] [Result "1-0"] [ECO "D37"] [WhiteElo "1346"]
[BlackElo "1614"] [TimeControl "2700+30"] [EndTime "9:02:28 PST"] [Termination
"Morphonium won by resignation"]  1. d4 d5 2. c4 e6 3. Nc3 Nf6 4. Nf3 a6 5. Bg5
h6 6. Bh4 g5 7. Bg3 dxc4 8. e3 b5 9. a4 Bb4 10. axb5 Nd5 11. Qc2 Bb7 12. Bxc4 h5
13. h4 g4 14. Ne5 axb5 15. Rxa8 Bxa8 16. Bxb5+ c6 17. Bc4 Rg8 18. O-O f6 19. Nd3
Bxc3 20. bxc3 Qa5 21. Bxd5 Qxd5 22. Bxb8 c5 23. Nf4 Qd7 24. Qb3 Ke7 25. Qxe6+
Qxe6 26. Nxe6 Kxe6 27. Ba7 c4 28. Rb1 Be4 29. Rb6+ Kf7 30. Rb4 Bd3 31. Rb5 g3
32. fxg3 f5 33. Kf2 Ra8 34. Rb7+ Ke6 35. Kf3 Be4+ 36. Kf4 Bxb7 37. Bc5 Bxg2 38.
Kg5 Bf3 39. Kf4 Bg4 40. e4 Ra1 41. d5+ Kd7 42. e5 Rf1+ 43. Kg5 Re1 44. e6+ Ke8
45. Kf6 f4 46. gxf4 Rf1 47. Bd6 Rf3 48. Be5 Rh3 49. d6 Bxe6 50. Kxe6 Rd3 51. f5
Kf8 52. d7 1-0 
1-0

[Event "Live Chess"] [Site "Chess.com"] [Date "2022.01.11"] [Round "?"] [White
"Pauli3141"] [Black "marian_chicu"] [Result "1-0"] [ECO "B07"] [WhiteElo "1587"]
[BlackElo "940"] [TimeControl "5400+30"] [EndTime "9:50:12 PST"] [Termination
"Pauli3141 won by resignation"]  1. e4 d6 2. d4 Nf6 3. Nc3 g6 4. Bg5 Bg7 5. e5
dxe5 6. dxe5 Qxd1+ 7. Rxd1 Nbd7 8. exf6 Nxf6 9. Nb5 O-O 10. Nxc7 Rb8 11. c3 Bg4
12. f3 Be6 13. Nxe6 fxe6 14. Bc4 Kf7 15. Ne2 Rbc8 16. Bb3 h6 17. Nd4 hxg5 18.
Bxe6+ Ke8 19. Bxc8 1-0 
1-0

[Event "Live Chess"] [Site "Chess.com"] [Date "2022.01.12"] [Round "?"] [White
"Renek13"] [Black "BCGolem"] [Result "1-0"] [ECO "E92"] [WhiteElo "2045"]
[BlackElo "1753"] [TimeControl "2700+30"] [EndTime "15:00:00 PST"] [Termination
"Renek13 won by resignation"]  1. d4 Nf6 2. c4 g6 3. Nc3 Bg7 4. e4 d6 5. Nf3 O-O
6. Be2 e5 7. Be3 Nc6 8. d5 Ne7 9. Nd2 Nd7 10. b4 f5 11. f3 f4 12. Bf2 g5 13. c5
Nf6 14. Rc1 c6 15. cxd6 Qxd6 16. Bc5 Qd8 17. d6 Ng6 18. d7 Ne7 19. dxc8=Q Rxc8
20. Bc4+ Kh8 21. Be6 Rc7 22. Nc4 1-0 
1-0

[Event "Live Chess"] [Site "Chess.com"] [Date "2022.01.15"] [Round "?"] [White
"rjawa"] [Black "Schachmasteo"] [Result "1-0"] [ECO "B13"] [WhiteElo "1801"]
[BlackElo "2135"] [TimeControl "2700+30"] [EndTime "17:11:31 PST"] [Termination
"rjawa won by resignation"]  1. e4 c6 2. d4 d5 3. exd5 cxd5 4. c4 Nf6 5. Nc3 Nc6
6. Nf3 Bg4 7. cxd5 Nxd5 8. Qb3 Bxf3 9. gxf3 e6 10. Qxb7 Nxd4 11. Bb5+ Nxb5 12.
Qc6+ Ke7 13. Qxb5 Qd7 14. Nxd5+ Qxd5 15. Qxd5 exd5 16. O-O Ke6 17. Re1+ Kf5 18.
Be3 Bb4 19. Red1 Rhd8 20. Rd3 Ke6 21. Rad1 Rd7 22. a3 Be7 23. b4 a5 24. b5 a4
25. Rc1 Rb8 26. b6 Bd8 27. Rc6+ Kf5 28. Bc5 g6 29. Rd4 Bf6 30. Rxa4 d4 31. Ra7
Rbd8 32. Rxd7 Rxd7 33. Rc7 Ke6 34. b7 Rxc7 35. b8=Q Rxc5 36. Qb6+ 1-0 
1-0

[Event "Live Chess"] [Site "Chess.com"] [Date "2022.01.15"] [Round "?"] [White
"ThorBiddles"] [Black "HLuebb"] [Result "1-0"] [ECO "B23"] [WhiteElo "2148"]
[BlackElo "1273"] [TimeControl "5400+30"] [EndTime "11:58:47 PST"] [Termination
"ThorBiddles won by resignation"]  1. e4 c5 2. Nc3 Nc6 3. Bc4 e6 4. d3 g6 5. f4
Bg7 6. Nf3 Nge7 7. e5 d5 8. Bb5 a6 9. Bxc6+ Nxc6 10. O-O O-O 11. Qe1 b5 12. a3
Ne7 13. Qg3 Nf5 14. Qh3 h6 15. g4 d4 16. Ne4 Ne3 17. Bxe3 dxe3 18. Nxc5 Qb6 19.
d4 Bb7 20. Nxb7 Qxb7 21. c3 f6 22. Rae1 fxe5 23. fxe5 Rf4 24. Nh4 g5 25. Qg2 Qe4
26. Rxf4 Qxg2+ 27. Nxg2 gxf4 28. Nxf4 Rf8 29. Nxe6 Rf3 30. Rf1 e2 31. Re1 Re3
32. Kf2 1-0 
1-0

[Event "Live Chess"] [Site "Chess.com"] [Date "2022.01.13"] [Round "?"] [White
"Vindice"] [Black "BustOr2000"] [Result "0-1"] [ECO "A45"] [WhiteElo "1759"]
[BlackElo "1555"] [TimeControl "3600+5"] [EndTime "17:20:38 PST"] [Termination
"BustOr2000 won by resignation"]  1. d4 Nf6 2. Bg5 d6 3. Bxf6 exf6 4. c4 g6 5.
Nc3 Bg7 6. e3 O-O 7. Bd3 c5 8. Nge2 Nc6 9. Qd2 f5 10. d5 Ne5 11. O-O-O Bd7 12.
h4 a6 13. h5 b5 14. cxb5 Nxd3+ 15. Qxd3 axb5 16. Nxb5 c4 17. Qb1 Bxb5 18. Nd4
Qa5 19. hxg6 hxg6 20. Rh4 Bd7 21. g4 fxg4 22. Ne6 Rfb8 23. Nxg7 Kxg7 24. Rdh1 c3
25. Rh7+ Kf6 26. Rxf7+ Kxf7 27. Rh7+ Kf6 28. Rh6 Bf5 29. e4 cxb2+ 30. Kd1 Qa4+
31. Kd2 Bxe4 0-1 
1-0

[Event "Live Chess"] [Site "Chess.com"] [Date "2022.01.13"] [Round "-"] [White
"yaR_33"] [Black "DonStuard"] [Result "1-0"] [CurrentPosition
"r4k2/pb3Q2/1p2p1p1/3rP3/5R2/8/PP3PPP/R5K1 b - -"] [Timezone "UTC"] [ECO "D06"]
[ECOUrl
"https://www.chess.com/openings/Queens-Gambit-Declined-Marshall-Defense-3.cxd5-Nxd5-4.Nf3"]
[UTCDate "2022.01.13"] [UTCTime "12:30:54"] [WhiteElo "1634"] [BlackElo "1102"]
[TimeControl "2700+30"] [Termination "yaR_33 won by checkmate"] [StartTime
"12:30:54"] [EndDate "2022.01.13"] [EndTime "14:04:23"] [Link
"https://www.chess.com/game/live/35815816327"]  1. d4 d5 2. c4 Nf6 3. cxd5 Nxd5
4. Nf3 e6 5. e4 Nf6 6. Nc3 Be7 7. Bd3 ± O-O 8. O-O Nbd7 9. Bg5? = {MISTAKE
(+0.76)} ({(+2.40) The best move was} 9. Re1 c5 10. d5 e5 11. a4 a6 12. a5 Bd6
13. Be3 Bc7 14. Qa4 Ne8 15. h3 Nd6 16. Nd2 Rb8 17. Qa3 b6 18. axb6 Bxb6 19. Qa2
h6 20. Bf1 c4 21. Nxc4 Nxc4 22. Bxc4 Bd4 23. d6 Qh4) 9... c5 10. e5 {INACCURACY
(+0.07)} ({(+1.33) The best move was} 10. d5 exd5 11. e5 Ne4 12. Bxe7 Nxc3 13.
Bxh7+ Kh8 14. bxc3 Qxe7 15. Bc2 Nxe5 16. Qxd5 Nxf3+ 17. Qxf3 Kg8 18. Rae1 Qf6
19. Qe4 g6 20. Re3 Qf5 21. Qxf5 Bxf5 22. Bxf5 gxf5 23. Rg3+ Kh8 24. Rg5 Rad8 25.
Rxf5 b6 26. h4 Rd2 27. Ra1 Rc2 28. Re1 Rxa2 29. Re7 Ra4 30. Rexf7 Rxf7 31. Rxf7)
10... Nd5 11. Bxe7 Qxe7 {Critical move.} 12. Re1 N7b6 13. dxc5 ± Qxc5?? {BLUNDER
(+7.44)} ({(+1.59) The best move was} 13... Nxc3 14. bxc3 Nd7 15. c6 bxc6 16.
Nd4 Qc5 17. Qg4 Qxc3 18. Rad1 Qc5 19. Qh4 h6 20. Qe4 f5 21. exf6 Nxf6 22. Qxc6
Qxc6 23. Nxc6 Bd7 24. Rc1 Nd5 25. Ne5 Be8 26. g3 Bf7 27. Nc6 Rfc8 28. Be4 Kf8
29. Bf3 Bg8 30. a3 Bf7 31. Ne5 Rxc1) 14. Bxh7+ Kxh7 15. Ng5+ Kg6? {MISTAKE
(+13.50)} ({(+7.44) The best move was} 15... Kh6 16. Nce4 f5 17. Nxc5 Kxg5 18.
a4 Nf4 19. Qc1 Nd5 20. g3 Kg6 21. gxf4 Rh8 22. Nd3 Rh4 23. Qd2 Rg4+ 24. Kh1 Kf7
25. f3 Rg6 26. b4 Kf8 27. b5 Kg8 28. Nc5 Rh6 29. a5 Rh4 30. Ra4 Rb8 31. Qd4 Rh8
32. b6 axb6) 16. Qd3+ Kxg5?? {BLUNDER (? Mate in 9)} ({(+14.23) The best move
was} 16... f5 17. exf6+ Kxg5 18. Ne4+ Kg6 19. Qg3+ Kf7 20. Qxg7+ Ke8 21. Nxc5
Rxf6 22. Ne4 Nd7 23. Rac1 Kd8 24. Red1 Rf5 25. Nd6 Rf8 26. h4 b6 27. Rc6 Rf6 28.
h5 Ba6 29. h6 Rc8 30. Nf7+ Rxf7 31. Qxf7 Rxc6 32. h7 Kc7 33. h8=Q Bc8 34. Re1
Kb7 35. Rxe6 Rc7 36. Re4 N7f6 37. Rc4 Bd7 38. Rxc7+ Kxc7 39. a4 Kb7 40. Qhg7
Kc6) 17. Ne4+ Kh6 18. Qh3+ Kg6 ? 19. Nxc5 Nb4?? {BLUNDER (? Mate in 4)}
({(+8.27) The best move was} 19... Bd7 20. Qg4+ Kh6 21. Qh4+ Kg6 22. a4 Rh8 23.
Qe4+ Kh6 24. a5 Bc6 25. axb6 g6 26. bxa7 Kg7 27. Qd4 Ne7 28. Qf4 Nd5 29. Qg5 b6
30. Nb3 Rhc8 31. Nd4 Bd7 32. Ra3 Rh8 33. h3 Rhc8 34. Re4 Rh8 35. Rh4 Rxh4 36.
Qxh4 Kg8) 20. Qg4+ {FASTER MATE (? Mate in 8)} ({(? Mate in 4) Checkmate after}
20. g4 Rh8 21. Qxh8 Kg5 22. Re4 f5 23. Qh5 #) 20... Kh7 21. Qxb4 Kg8 22. Qh4 Nd5
23. Re4 b6 24. Nd3 Bb7 25. Rg4 Rfd8?? {BLUNDER (? Mate in 10)} ({(+10.94) The
best move was} 25... f5 26. exf6 Nxf6 27. Rg3 Be4 28. Qh6 Rf7 29. Ne5 Kf8 30.
Qh8+ Ke7 31. Nxf7 Rxh8 32. Nxh8 g6 33. Ra3 a5 34. f3 Bc6 35. Nxg6+ Kd6 36. Re1
Nd5 37. Ne5 Be8 38. Kf2 Ke7 39. b3 Kd6 40. g4 Bb5 41. g5 Ke7 42. h4 Nf4) 26. Qg5
g6?? {BLUNDER (? Mate in 7)} ({(+57.63) The best move was} 26... Kf8 27. Qxg7+
Ke8 28. Nf4 Bc6 29. Qg8+ Kd7 30. Qxf7+ Kc8 31. Nxd5 Rd7 32. Qxe6 Kb7 33. Rc1 Bb5
34. Qxd7+ Bxd7 35. Rc7+ Ka6 36. Rxd7 Rc8 37. Nc7+ Kb7 38. Rc4 a5 39. Nd5+ Ka6
40. Rxc8 a4 41. Ra8+ Kb5 42. Nc3+ Kc6 43. Nxa4 b5 44. Rd6+ Kc7 45. Rb6 bxa4 46.
Ra7+ Kxb6 47. Rxa4 Kb5) 27. Nf4 {FASTER MATE (? Mate in 13)} ({(? Mate in 7)
Checkmate after} 27. Qh6 Nc3 28. Rh4 Ne2+ 29. Kf1 Ng3+ 30. fxg3 Bxg2+ 31. Kxg2
f5 32. Qh8+ Kf7 33. Rh7#) 27... Nxf4 28. Rxf4 Kf8 29. Qf6 Rd5 30. Qxf7# 1-0 
1-0